 Seeded DCSS version 0.31.0-12-g77e489cdc1 (webtiles) character file.

Game seed: 565 (custom seed)

127 lonewolfV2 the Trooper (level 5, -3/43 HPs)
             Began as a Formicid Fighter on Feb 14, 2024.
             Slain by an ufetubus (4 damage)
             ... on level 3 of the Dungeon.
             The game lasted 00:02:46 (2165 turns).

lonewolfV2 the Trooper (Formicid Fighter)           Turns: 2165, Time: 00:02:46

Health: -3/43      AC:  6    Str: 21    XL:     5   Next: 33%
Magic:  5/5        EV:  9    Int:  7    God:
Gold:   92         SH:  5    Dex: 15    Spells: 4/4 levels left

rFire   . . .        a - +0 war axe
rCold   . . .        c - +0 buckler
rNeg    . . .        b - +0 scale mail
rPois   .            (helmet unavailable)
rElec   .            (no cloak)
rCorr   .            (no gloves)
SInv    +            (no boots)
Will    .....        (no amulet) Stlth
                     (no ring)
HPRegen 0.27/turn    (no ring)
MPRegen 0.09/turn

%: no passive effects
@: no status effects
A: permanent stasis, dig shafts and tunnels, antennae 3, four strong arms
a: Dig, Shaft Self


You were on level 3 of the Dungeon.
You visited 1 branch of the dungeon, and saw 3 of its levels.

You collected 92 gold pieces.

Inventory:

Hand Weapons
 a - a +0 war axe (weapon)
Armour
 b - a +0 scale mail (worn)
 c - a +0 buckler (worn)
Scrolls
 g - a scroll of enchant armour {unknown}
Potions
 d - a potion of might
 e - a potion of lignification {unknown}
 f - a potion of haste {unknown}


   Skills:
 + Level 4.4 Fighting
 * Level 4.3 Axes
 - Level 3.2 Armour
 - Level 4.0 Shields


You had 4 spell levels left.
You didn't know any spells.
Your spell library was empty.

Dungeon Overview and Level Annotations

Branches:
Dungeon (3/15)

Altars:

Portals:
Sewer: D:3


Innate Abilities, Weirdness & Mutations

You cannot be hasted, slowed, berserked, paralysed or teleported.
You can dig through walls and to a lower floor.
You have a pair of large antennae on your head. (SInv)
Your four strong arms can wield two-handed weapons with a shield.


Message History

The ufetubus is moderately wounded.
The ufetubus hits you.
* * * LOW HITPOINT WARNING * * *
You block the ufetubus's attack.
The ufetubus hits you but does no damage.
The ufetubus barely misses you.
You closely miss the ufetubus.
The ufetubus is moderately wounded.
You block the ufetubus's attack. The ufetubus barely misses you.
You block the ufetubus's attack. The ufetubus hits you.
* * * LOW HITPOINT WARNING * * *
You miss the ufetubus.
The ufetubus is moderately wounded.
The ufetubus hits you but does no damage. x3
The ufetubus completely misses you.
You barely miss the ufetubus.
The ufetubus is moderately wounded.
The ufetubus hits you but does no damage.
The ufetubus barely misses you. x2
The ufetubus hits you but does no damage.
You closely miss the ufetubus.
The ufetubus is moderately wounded.
The ufetubus hits you.
* * * LOW HITPOINT WARNING * * *
You block the ufetubus's attack. The ufetubus barely misses you.
The ufetubus hits you but does no damage.
You hit the ufetubus.
The ufetubus is heavily wounded.
The ufetubus barely misses you. x2; The ufetubus completely misses you.
The ufetubus hits you but does no damage.
You hit the ufetubus.
The ufetubus is almost dead.
You block the ufetubus's attack.
The ufetubus hits you but does no damage. x3
You hit the ufetubus.
The ufetubus is almost dead.
The ufetubus hits you.
* * * LOW HITPOINT WARNING * * *
The ufetubus barely misses you. The ufetubus hits you.
You die...

..............####..#####
#.. #....r..).##..# #..
#.#######..#..# ##.
#.#~{~~~#..r..## ##
#.#~~{{~#.##!..# #
#.#~~r{{#.###..#
#.#~~~~~#.###..#
##.####+##........
#..##......)@.........)
#........###<5...........
###...$......>...........
####.##................
#.# #.#........ ...
.<.........
....####........ ...##
......... ..## #.


You could see an ufetubus.

Vanquished Creatures
  A hound (D:3)
  3 adders (D:2)
  An ufetubus (D:3)
  2 dart slugs (D:3)
  2 ribbon worms (D:2)
  5 ball pythons
  2 endoplasms (D:2)
  7 goblins
  5 hobgoblins (D:2)
  8 jackals
  6 kobolds
  A quokka (D:2)
  4 bats
  3 frilled lizards
  5 rats
55 creatures vanquished.

Notes
Turn   | Place    | Note
-------+----------+-------------------------------------------
     0 | D:1      | lonewolfV2 the Formicid Fighter began the quest for the
                  | Orb.
     0 | D:1      | Reached XP level 1. HP: 18/18 MP: 1/1
   377 | D:1      | Reached XP level 2. HP: 14/24 MP: 2/2
   995 | D:2      | Reached XP level 3. HP: 30/30 MP: 3/3
  1222 | D:2      | Reached XP level 4. HP: 35/37 MP: 4/4
  2102 | D:3      | Reached XP level 5. HP: 43/43 MP: 5/5
  2122 | D:3      | Found a glowing drain.
  2162 | D:3      | HP: 2/43 [ufetubus (2)]
  2165 | D:3      | Slain by an ufetubus

Illustrated notes

Levels and vault maps discovered:
D:1:      lordsloth_arrival_two_stooges, layout_basic
D:2:      layout_loops_corners, kennysheep_another_room, minmay_distorted
D:3:      layout_rooms, portal_sewer_entry_c

Skill      XL: |  1  2  3  4 |
---------------+-------------+-----
Axes           | 3 4 |  4.3
Fighting       | 4 |  4.4
Armour         | |  3.2
Shields        | |  4.0

Action                     |  1- 3 |  4- 6 || total
---------------------------+-------+-------++-------
  Melee: War axe           |    75 |    68 ||   143
    Use: Scroll            |     3 |     1 ||     4
 Armour: Scale mail        |    68 |   132 ||   200
  Dodge: Dodged            |    34 |    85 ||   119
  Block: Buckler           |    27 |    58 ||    85
